[Event "Championnat d'Europe Rapide"]
[Date "2024.12.07"]
[White "Molina Carretero, Daniel"]
[Black "Livaic, Leon"]
[WhiteElo "2195"]
[BlackElo "2560"]
[Round "2.33"]
[Result "0-1"]
[TimeControl "900+10"]

1. c4 d6 2. Nf3 e5 3. g3 f5 4. Bg2 Nf6 5. Nc3 Be7 6. O-O O-O 7. d4 e4 8. Ng5 c6 9. d5 h6 10. Nh3 Nbd7 11. f3 Ne5 12. b3 Qa5 13. Qd2 Qc5+ 14. Nf2 cxd5 15. Nxd5 Nxd5 16.
Qxd5+ Qxd5 17. cxd5 exf3 18. exf3 Bd7 19. Ba3 Rfe8 20.
Rac1 Rac8 21. Rfe1 Kf7 22. f4 Ng4 23. Nxg4 fxg4 24. Rxc8 Rxc8 25. Be4 Re8 26. Rc1 Bd8 27. Bd3 Bb6+ 28. Kf1 Re3 29. Be2 Ke7 30. Bb2 g6 31. Rd1 Bf5 32. Bd4 Bxd4 33. Rxd4 Kd8 34. Kf2 Re7 35. Bd3 Rc7 36. Bxf5 gxf5 37.
Rd2 Rc1 38.
Re2 Kd7 39.
Re6 Rc2+ 40.
Kg1 Rd2 41.
Rxh6 Rxd5 42. h4 gxh3 43. Kh2 Rd2+ 44. Kxh3 Rxa2 45. Rf6 Ra5 46. Kh4 Rb5 47. b4 b6 48. Kg5 a5 49. bxa5 bxa5 50. Rf7+ Ke6 51. Ra7 Rb3 52. Kh4 Ra3 53. Ra6 Ra1 54. g4 Rh1+ 55. Kg3 Rg1+ 56. Kf3 fxg4+ 57. Kf2 Ra1 58. Kg3 a4 59. Kxg4 a3 60. f5+ Ke5 61. f6 0-1

[Site "Europe Echecs"]

[Event "Championnat d'Europe Rapide"]
[Date "2024.12.07"]
[White "Kazakouski, Valery"]
[Black "Nakonechnyi, Oleksii"]
[WhiteElo "2567"]
[BlackElo "2052"]
[Round "2.34"]
[Result "1-0"]
[TimeControl "900+10"]

1. Nf3 Nf6 2. c4 g6 3. g3 Bg7 4. Bg2 O-O 5. O-O c5 6. d4 cxd4 7. Nxd4 Nc6 8. Nc3 a6 9. c5 Qc7 10. Bg5 Nxd4 11. Qxd4 Re8 12. Rfd1 h6 13. Bxf6 exf6 14. Nd5 Qe5 15. e3 Rb8 16. Nb6 f5 17. Qxe5 Bxe5 18. Rd2 d6 19. cxd6 Be6 20. f4 Bf6 21. d7 Red8 22. Bd5 Kf8 23. Bxe6 fxe6 24. Rc1 Ke7 25. Kf2 g5 26. Rc4 h5 27. e4 gxf4 28.
gxf4 fxe4 29. Rxe4 Kf7 30. Kf3 Rg8 31. Nc8 Be7 32. f5 Rg4 33. fxe6+ Kf6 34. d8=Q Bxd8 35.
Rxd8 Rxe4 36. Kxe4 Kxe6 37. Rh8 Kf6 38. Kd5 Kg7 39. Re8 1-0

[Site "Europe Echecs"]

[Event "Championnat d'Europe Rapide"]
[Date "2024.12.07"]
[White "Muter, Donny"]
[Black "Alonso Rosell, Alvar"]
[WhiteElo "2206"]
[BlackElo "2532"]
[Round "2.35"]
[Result "0-1"]
[TimeControl "900+10"]

1. b3 Nf6 2. Bb2 g6 3. g4 Bg7 4. g5 Nh5 5. Bxg7 Nxg7 6. Qc1 e5 7. h4 d5 8. Qb2 d4 9. Bg2 Nc6 10. d3 h6 11. gxh6 Rxh6 12. Nf3 Qe7 13. Nbd2 Bd7 14. O-O-O O-O-O 15. e3 dxe3 16. fxe3 Nf5 17. Rde1 Nxh4 18. Nxh4 Rxh4 19. Qc3 f5 20. Nc4 Re8 21. Kb2 g5 22. a3 e4 23. dxe4 fxe4 24. b4 a6 25. Ref1 Rxh1 26. Bxh1 Na7 27. Rf7 Qe6 28. Rf6 Qh3 29. Nd6+ Kb8 30. Nxe8 Nb5 31. Qe5 Qxe3 32. Rf8 Qxa3+ 33. Kb1 Nc3+ 34. Qxc3 Qxc3 35. Nf6+ Ka7 36. Bxe4 Qxb4+ 0-1

[Site "Europe Echecs"]

[Event "Championnat d'Europe Rapide"]
[Date "2024.12.07"]
[White "Guliyev, Namig"]
[Black "Trapp, Maximilian"]
[WhiteElo "2484"]
[BlackElo "2050"]
[Round "2.36"]
[Result "1-0"]
[TimeControl "900+10"]

1. e4 d5 2.
exd5 Nf6 3. d4 Nxd5 4. Nf3 c6 5. c4 Nf6 6. h3 Bf5 7. Nc3 h6 8. d5 g6 9. Nd4 Bd7 10. Bf4 Bg7 11. Qd2 g5 12. Be3 cxd5 13. cxd5 Na6 14. Bxa6 bxa6 15. O-O O-O 16. Rfe1 Re8 17. Rad1 Qb8 18. Nb3 Bf5 19. Bd4 Qc7 20. Be5 Qb6 21. Nd4 Bd7 22. Qe2 Rac8 23. Rd2 Qa5 24. Qf3 Nh7 25. Bxg7 Kxg7 26.
Rde2 Qb4 27.
Nf5+ Bxf5 28. Qxf5 Nf6 29. g3 Rcd8 30. a3 Qb7 31. Qe5 Kg6 32. Rd1 Qd7 33. Kg2 Qd6 34. Qe3 Qb6 35. Rd4 Rd7 36. b4 Red8 37. Red2 Qb7 38. Kh2 a5 39. bxa5 Qb3 40. a4 Kg7 41. R2d3 Qb2 42. Kg1 Qa1+ 43. Kg2 Qb2 44. Qe5 Rc8 45. Ne4 Rc2 46. Rf3 Rc4 47. Nxf6 Qxd4 48. Nxd7+ 1-0

[Site "Europe Echecs"]

[Event "Championnat d'Europe Rapide"]
[Date "2024.12.07"]
[White "Mikluc, Davorin"]
[Black "Stojanovski, Dejan"]
[WhiteElo "2232"]
[BlackElo "2407"]
[Round "2.37"]
[Result "0-1"]
[TimeControl "900+10"]

1. e4 d6 2.
d4 Nf6 3. Bd3 e5 4. d5 Be7 5. c4 Na6 6. Nc3 O-O 7. h3 c6 8. Be3 Nc5 9. Bc2 a5 10. Nf3 cxd5 11. cxd5 b6 12. O-O Ba6 13. Re1 Rc8 14. Rc1 b5 15. Bxc5 Rxc5 16. Bd3 Qb6 17. Ne2 Nd7 18. Ng3 g6 19. Qd2 Rfc8 20. Nh2 Bh4 21. Nhf1 Rxc1 22. Rxc1 Rxc1 23. Qxc1 Nc5 24. Be2 Qd8 25. Qd2 Bg5 26. Qe1 h5 27. b4 axb4 28.
Qxb4 h4 29.
Nh1 Qb6 30.
Nh2 Kg7 31.
Nf3 Bd8 32.
g3 Qa5 33.
Qb1 Qa4 34.
Nd2 Bg5 35.
Nf3 Bh6 36.
g4 Bf4 37.
Nxh4 Qxe4 38. Qxe4 Nxe4 39. a4 Nc3 40.
axb5 Nxe2+ 0-1

[Site "Europe Echecs"]

[Event "Championnat d'Europe Rapide"]
[Date "2024.12.07"]
[White "Baidetskyi, Valentin"]
[Black "Veleski, Robert"]
[WhiteElo "2519"]
[BlackElo "2093"]
[Round "2.38"]
[Result "1-0"]
[TimeControl "900+10"]

1. e4 e5 2.
Bc4 Nc6 3.
Nf3 Bc5 4.
c3 Nf6 5. d4 exd4 6. e5 d5 7. Be2 Ne4 8. cxd4 Bb4+ 9. Bd2 Nxd2 10.
Nbxd2 O-O 11. O-O f6 12. Nb3 Bg4 13. h3 Bh5 14. Rc1 fxe5 15. dxe5 Kh8 16. Nfd4 Nxd4 17. Nxd4 Bxe2 18. Qxe2 Qe7 19. Nb3 Rae8 20. f4 c6 21. Qf2 Qc7 22. Qxa7 Ra8 23. Qd4 Be7 24. a3 Qd7 25. Kh2 b6 26. Qxb6 Rfb8 27. Qe3 Qb7 28. Rc3 Ra4 29. Nc5 Bxc5 30.
Qxc5 d4 31.
Rg3 Qf7 32.
b4 Rd8 33.
f5 Ra7 34.
f6 gxf6 35.
exf6 d3 36.
Rg7 1-0

[Site "Europe Echecs"]

[Event "Championnat d'Europe Rapide"]
[Date "2024.12.07"]
[White "Radeva, Viktoria"]
[Black "Dragnev, Valentin"]
[WhiteElo "2275"]
[BlackElo "2563"]
[Round "2.39"]
[Result "0-1"]
[TimeControl "900+10"]

1. e4 c6 2.
Nc3 d5 3.
Nf3 Bg4 4.
h3 Bxf3 5.
Qxf3 e6 6.
Be2 d4 7.
Nb1 Ne7 8.
d3 Ng6 9.
O-O h5 10.
g3 h4 11. g4 Bd6 12. c3 c5 13. a4 Nc6 14. Na3 O-O 15. Bd2 a6 16. Nc4 Bc7 17. Qg2 b5 18. Na3 dxc3 19.
bxc3 b4 20.
cxb4 cxb4 21. Nc4 Bf4 22. e5 Nd4 23. Qe4 Qd5 24. Bd1 Qxe4 25. dxe4 Bxd2 26. Nxd2 Nxe5 27. f4 Nd3 28. a5 Rfd8 29. Rb1 Nb5 30. Nc4 Nc3 31. Ra1 Rd4 32. Nb6 Rad8 0-1

[Site "Europe Echecs"]

[Event "Championnat d'Europe Rapide"]
[Date "2024.12.07"]
[White "Beerdsen, Thomas"]
[Black "Andonovski, Ljubisa"]
[WhiteElo "2502"]
[BlackElo "2253"]
[Round "2.40"]
[Result "1-0"]
[TimeControl "900+10"]

1. e4 c6 2.
d4 d5 3. f3 e6 4. Nc3 Bb4 5. Bd2 Ne7 6. a3 Ba5 7. Bd3 O-O 8. e5 c5 9. dxc5 Bxc3 10.
Bxc3 Nbc6 11. f4 b6 12. Nf3 Ng6 13. g3 bxc5 14. b3 a5 15. Ng5 h6 16. h4 a4 17. Qh5 Nce7 18. Bd2 axb3 19. cxb3 Ba6 20. Nxe6 fxe6 21. Bxg6 Nxg6 22. Qxg6 Qb6 23. Qc2 Qb5 24. Kf2 Qe2+ 25. Kg1 Bd3 26. Qd1 Qxd1+ 27. Rxd1 Bc2 28. Rc1 Bxb3 29.
Rxc5 Rxa3 30. Kf2 Ra2 31. Ke3 Bc2 32. Rc1 Be4 33. Rc8 Ra3+ 34. R8c3 Rfa8 35. g4 R8a4 36. Rxa3 Rxa3+ 37. Bc3 h5 38. f5 exf5 39. e6 hxg4 40. Kf4 g3 41. Bd4 Rf3+ 42. Kg5 g2 43. Rc8+ Kh7 44. e7 Rg3+ 45. Kf4 Rg4+ 46. Ke5 Bf3 47. e8=Q Re4+ 48. Kxf5 Bg4+ 49. Kg5 Bxc8 50.
Qg6+ 1-0

[Site "Europe Echecs"]

[Event "Championnat d'Europe Rapide"]
[Date "2024.12.07"]
[White "Galuszka, Tomasz"]
[Black "Janik, Igor"]
[WhiteElo "2174"]
[BlackElo "2515"]
[Round "2.41"]
[Result "0-1"]
[TimeControl "900+10"]

1. e4 c6 2.
Nf3 d5 3. d3 Bg4 4. h3 Bh5 5. Qe2 e6 6. g4 Bg6 7. Bg2 Bd6 8. O-O Ne7 9. c4 O-O 10. cxd5 cxd5 11. Nc3 Nbc6 12. e5 Bc5 13. Bg5 h6 14. Bh4 a6 15. Rac1 Ba7 16. Qd2 Rc8 17. Ne2 Re8 18. Nf4 Qb6 19. Nxg6 Nxg6 20. Bg3 Nd4 21. Rc3 Nxf3+ 22.
Bxf3 Rc6 23.
Rxc6 bxc6 24. h4 Qd4 25. Re1 Bb8 26. Qe2 f6 27. Qe3 Qxe3 28. fxe3 Bxe5 29. Bxe5 Nxe5 30. Be2 Rb8 31. b3 Rb6 32. Rc1 Nd7 33. Kf2 Kf7 34. d4 Ke7 35. Kf3 Kd6 36. g5 hxg5 37. hxg5 c5 38. Rh1 fxg5 39. Rh7 g4+ 40. Kf2 Nf6 41.
dxc5+ Kxc5 42. Rxg7 Ne4+ 43. Ke1 g3 44. Bd3 Nc3 45. Rxg3 Nxa2 46. Bc2 Nb4 47. Kd2 Rb8 48. Rg6 Rh8 49. Bd1 Rh2+ 50. Be2 Kd6 51. Rg4 a5 52. Rg5 Na6 0-1

[Site "Europe Echecs"]

[Event "Championnat d'Europe Rapide"]
[Date "2024.12.07"]
[White "Subelj, Jan"]
[Black "Kiratzopoulos, Efthimios"]
[WhiteElo "2526"]
[BlackElo "2193"]
[Round "2.42"]
[Result "1-0"]
[TimeControl "900+10"]

1. Nf3 Nf6 2. c4 e6 3.
g3 b6 4. Bg2 Bb7 5. O-O Be7 6. Nc3 O-O 7. Re1 d5 8. cxd5 Nxd5 9. Nxd5 exd5 10. d4 c5 11. dxc5 bxc5 12. Ne5 Bf6 13. Ng4 Na6 14. Qb3 Rb8 15. Bf4 c4 16. Qb5 Nc7 17.
Nxf6+ gxf6 18. Qa4 Rc8 19. Qxa7 Bc6 20. Bh6 Re8 21. b3 Nb5 22. Qc5 Qe7 23. Qxe7 Rxe7 24. bxc4 dxc4 25.
Bxc6 Rxc6 26. Rab1 f5 27. Rxb5 Rxh6 28. e3 f4 29. gxf4 Rc6 30.
Rc1 Ra7 31. Rc2 Ra4 32. Kf1 Rca6 33. Rc5 Rxa2 34. Rxa2 Rxa2 35. Rxc4 Kg7 36. Kg2 Ra5 37. Rc6 Rb5 38. Kg3 Ra5 39. e4 Ra3+ 40. f3 Ra1 41. f5 Rg1+ 42. Kf4 Rh1 43. h4 h6 44. Kg4 Rg1+ 45. Kh5 Rg3 46. f6+ Kh7 47. Rc7 Kg8 48. e5 Rg1 49. Kxh6 Rg6+ 50. Kh5 Rg3 51. f4 Rg1 52. f5 Re1 53. Kh6 1-0

[Site "Europe Echecs"]

[Event "Championnat d'Europe Rapide"]
[Date "2024.12.07"]
[White "Goraj, Barbara"]
[Black "Muradli, Mahammad"]
[WhiteElo "2178"]
[BlackElo "2588"]
[Round "2.43"]
[Result "0-1"]
[TimeControl "900+10"]

1. e4 c5 2.
Nf3 d6 3. d4 cxd4 4. Nxd4 Nf6 5. Nc3 a6 6. h4 e5 7. Nb3 Be6 8. f4 exf4 9. Bxf4 Nc6 10. Qd2 Be7 11.
O-O-O Ne5 12. Nd4 Rc8 13. Nf5 Bxf5 14. exf5 O-O 15. g4 Nexg4 16. h5 Qa5 17. Rg1 Kh8 18. a3 b5 19. Bh3 Rxc3 20. Bxg4 Rxa3 21. Qxa5 Rxa5 22. Bf3 Ra1+ 23. Kd2 Ra4 24. Be3 h6 25. b3 Rh4 26. Rh1 Ne4+ 27. Kc1 Rxh1 28. Bxh1 Ng3 29. Bf3 Nxf5 30. Bb6 g6 31. Rg1 Bg5+ 32. Kb1 Be3 33. Bxe3 Nxe3 34. Be4 g5 35. Rg3 f5 36. Rxe3 Re8 37. Rd3 fxe4 38. Rxd6 e3 39. Rd1 g4 40. Kc1 e2 41. Re1 g3 42. Kd2 g2 43. c4 Rd8+ 0-1

[Site "Europe Echecs"]

[Event "Championnat d'Europe Rapide"]
[Date "2024.12.07"]
[White "Larkin, Vladyslav"]
[Black "Balinski, Damian"]
[WhiteElo "2449"]
[BlackElo "2203"]
[Round "2.44"]
[Result "1-0"]
[TimeControl "900+10"]

1. e4 d6 2.
d4 Nf6 3.
Nc3 g6 4. h3 Bg7 5. g4 O-O 6. Bg2 e5 7. Nge2 Nc6 8. Be3 exd4 9. Nxd4 Re8 10. O-O Bd7 11. Qd2 Nxd4 12.
Bxd4 Bc6 13.
Rfe1 Nd7 14.
Bxg7 Kxg7 15. f4 a5 16. Rad1 Qh4 17. Rf1 Re7 18. Nd5 Bxd5 19. Qxd5 Nc5 20. e5 Rd8 21. Rd2 b6 22. Qc4 Qg3 23. Kh1 h5 24. gxh5 Rh8 25. exd6 cxd6 26. hxg6 fxg6 27. Qd4+ Kh7 28. Rdf2 Rf8 29. Qxd6 Rff7 30. Qxb6 Ne4 31. Bxe4 Rxe4 32. Rg1 Re1 33. Rxe1 Rxf4 34.
Qc7+ 1-0

[Site "Europe Echecs"]

[Event "Championnat d'Europe Rapide"]
[Date "2024.12.07"]
[White "Pavlidou, Ekaterini"]
[Black "Peyrer, Konstantin"]
[WhiteElo "2160"]
[BlackElo "2440"]
[Round "2.45"]
[Result "0-1"]
[TimeControl "900+10"]

1. d4 Nf6 2. c4 e6 3. Nc3 Bb4 4. a3 Bxc3+ 5. bxc3 Nc6 6. e3 b6 7. Bd3 Na5 8. e4 d6 9. Ne2 Ba6 10. O-O Qd7 11. Bg5 Bxc4 12. Rb1 Qc6 13. d5 Qc5 14. Rb4 exd5 15. exd5 Bxd3 16. Bxf6 gxf6 17.
Qxd3 O-O-O 18. Qa6+ Kd7 19. Nf4 Rde8 20. g3 Qxc3 21. Qb5+ Kd8 22. Nd3 Re2 23. Rf4 Rhe8 24. Nb4 R8e4 25. Rxe4 Rxe4 26. Qa6 Re1 27. Qxa7 Rxf1+ 28. Kxf1 Kd7 29. Na6 Nb3 30. Nb8+ Ke8 31. Qa4+ Kf8 32. Kg2 Qd3 33. Qa8 Nd2 34. Nd7+ Ke7 35. Nb8 Qf1# 0-1

[Site "Europe Echecs"]

[Event "Championnat d'Europe Rapide"]
[Date "2024.12.07"]
[White "Paichadze, Luka"]
[Black "Sivan, Yaacov"]
[WhiteElo "2532"]
[BlackElo "2273"]
[Round "2.46"]
[Result "1-0"]
[TimeControl "900+10"]

1. e4 c5 2. Nf3 Nc6 3. Bb5 g6 4. Bxc6 dxc6 5. d3 Bg7 6. h3 Nf6 7. Nc3 Nd7 8. Be3 e5 9. Qd2 Qe7 10. a3 Nf8 11. b4 cxb4 12. axb4 Qxb4 13. O-O Ne6 14. Rfb1 Qd6 15. Bxa7 Qd7 16. Be3 Rxa1 17.
Rxa1 Nd4 18.
Bxd4 exd4 19. Ne2 O-O 20. Qa5 Qe7 21. Qb6 f5 22. e5 Bxe5 23. Nxe5 Qxe5 24. Nxd4 f4 25. Rb1 Qd5 26. Re1 f3 27. Nxf3 Bxh3 28. Re5 Qd6 29. Qb3+ Kh8 30. Qc3 Kg8 31. Qb3+ Kh8 32. Re3 Bg4 33. Qc3+ Qf6 34. Qxf6+ Rxf6 35. Re8+ Kg7 36. Re7+ Kf8 37. Rxh7 Bxf3 38. gxf3 b5 39. Rc7 Ke8 40. Kg2 Kd8 41. Rg7 Re6 42. Kf1 Re5 43. d4 Re6 44. c3 Ke8 45. f4 Kd8 46. Kg2 Rd6 47. Kf3 b4 48. cxb4 Rxd4 49. Rxg6 Kd7 50. Rg7+ Kc8 51. f5 Rxb4 52. f6 1-0

[Site "Europe Echecs"]

[Event "Championnat d'Europe Rapide"]
[Date "2024.12.07"]
[White "Lauda, Alexandr"]
[Black "Kalezic, Blazo"]
[WhiteElo "2255"]
[BlackElo "2382"]
[Round "2.47"]
[Result "0-1"]
[TimeControl "900+10"]

1. e4 e6 2.
d4 d5 3. Nd2 a6 4. Ngf3 Nf6 5. e5 Nfd7 6. Bd3 c5 7. c3 Nc6 8. O-O g5 9. b3 b5 10. Nb1 Be7 11. Bb2 Qb6 12. dxc5 Nxc5 13. Bc2 Bb7 14. Qe2 h5 15. Nbd2 Nd7 16. Kh1 Rc8 17. Rac1 Rg8 18. Nd4 g4 19. f4 h4 20. f5 Ncxe5 21.
fxe6 fxe6 22. h3 gxh3 23. Qh5+ Kd8 24. gxh3 Kc7 25. c4 Kb8 26. cxb5 Bg5 27. Qe2 axb5 28. Bh7 Rge8 29. Rxc8+ Rxc8 30. N2f3 Nxf3 31. Nxf3 Be3 32. Nxh4 d4+ 33. Nf3 Rh8 34. Qh2+ Ka8 35. Bd3 Qc6 36. Qg3 Nc5 37. Qg7 Rxh3+ 38. Kg2 Rxf3 39. Kh2 Qd6+ 0-1

[Site "Europe Echecs"]

[Event "Championnat d'Europe Rapide"]
[Date "2024.12.07"]
[White "Schneider, Ilja"]
[Black "Sramek, Vojtech"]
[WhiteElo "2414"]
[BlackElo "2259"]
[Round "2.48"]
[Result "1-0"]
[TimeControl "900+10"]

1. e4 c5 2. Nc3 g6 3. d4 cxd4 4. Qxd4 Nf6 5. Nf3 Nc6 6. Qa4 d6 7. e5 dxe5 8. Nxe5 Bg7 9. Bb5 O-O 10. Nxc6 bxc6 11. Bxc6 Rb8 12. O-O Bf5 13. Qxa7 Bxc2 14. Re1 Qd6 15. Bf3 e6 16. Re2 Bd3 17. Rd2 Qe5 18. Qe3 Qxe3 19. fxe3 Rfd8 20. Kf2 h5 21. h3 h4 22. a4 Nh7 23. Be2 Bxe2 24. Rxd8+ Rxd8 25.
Kxe2 Ng5 26.
e4 Bxc3 27.
Bxg5 Bxb2 28. Bxd8 Bxa1 29. a5 Be5 30. a6 Bb8 31. Bxh4 Kg7 32. Bf2 Kf6 33. Kd3 Kg5 34. Kc4 f5 35. exf5 gxf5 36. Kb5 e5 37. Kc6 e4 38. Kb7 1-0

[Site "Europe Echecs"]

[Event "Championnat d'Europe Rapide"]
[Date "2024.12.07"]
[White "Redzisz, Michal"]
[Black "Horvath, Dominik"]
[WhiteElo "2263"]
[BlackElo "2542"]
[Round "2.49"]
[Result "1/2-1/2"]
[TimeControl "900+10"]

1. e4 e5 2.
Nf3 Nc6 3.
Bc4 Bc5 4.
c3 Nf6 5. d4 exd4 6. cxd4 Bb4+ 7. Nc3 Nxe4 8. O-O Bxc3 9. d5 Ne5 10. bxc3 Nxc4 11. Qd4 Ncd6 12. Qxg7 Qf6 13. Qxf6 Nxf6 14. Re1+ Nfe4 15. Nd2 f5 16. f3 c6 17. fxe4 cxd5 18. exd5+ Kf7 19. Ba3 Nb5 20. Bb2 Nd6 21. c4 Re8 22.
Be5 Ne4 23. Nxe4 fxe4 24. Rxe4 Kg6 25. Rf1 d6 26. Rf6+ Kg5 27. Rxd6 Kf5 28. Re1 Rxe5 29. g4+ Kf4 30. Rf6+ Kg5 31.
Rxe5+ Kxf6 1/2-1/2

[Site "Europe Echecs"]

[Event "Championnat d'Europe Rapide"]
[Date "2024.12.07"]
[White "Stankovic, Milos"]
[Black "Stoinev, Metodi"]
[WhiteElo "2462"]
[BlackElo "2132"]
[Round "2.50"]
[Result "1-0"]
[TimeControl "900+10"]

1. d4 d5 2.
Nf3 Nf6 3.
Bf4 c5 4. e3 Nc6 5. Nbd2 cxd4 6. exd4 Qb6 7. Nb3 Bf5 8. c3 e6 9. a4 a6 10. a5 Qd8 11. Be2 Be7 12. O-O h6 13. Ne5 Nxe5 14.
dxe5 Nd7 15.
c4 dxc4 16.
Bxc4 O-O 17.
Nd4 Rc8 18.
Rc1 Nc5 19.
Nxf5 exf5 20. Qc2 Ne6 21. Be3 Rxc4 22. Qxc4 Qxa5 23. f4 b5 24. Qc2 g6 25.
Rfd1 Qb4 26.
Rd7 Re8 27.
g3 h5 28.
Bd2 Qe4 29.
Qxe4 fxe4 30. Be3 a5 31. Rc6 a4 32. Ra6 Kf8 33. Raa7 Ng7 34. Rxe7 Rxe7 35. Bc5 Nf5 36. Rb7 Ke8 37. Bxe7 Nxe7 38. Rxb5 Nf5 39. Rb4 e3 40. Rxa4 Kd7 41. Kf1 Kc6 42.
Ke2 Kd5 43. Kd3 1-0

[Site "Europe Echecs"]

[Event "Championnat d'Europe Rapide"]
[Date "2024.12.07"]
[White "Mcgowan, Daniel"]
[Black "Kilic, Eray"]
[WhiteElo "2089"]
[BlackElo "2459"]
[Round "2.51"]
[Result "0-1"]
[TimeControl "900+10"]

1. e4 c5 2.
Nf3 Nc6 3.
c3 d5 4.
exd5 Qxd5 5.
d4 Bg4 6.
Be2 e6 7. h3 Bh5 8. O-O Nf6 9. Be3 cxd4 10.
Nxd4 Bxe2 11. Qxe2 Be7 12. Nd2 O-O 13. Rfd1 Rfd8 14. N2b3 e5 15. Nf5 Qe4 16. Ng3 Qg6 17. Qb5 Rab8 18. Rxd8+ Bxd8 19. Rd1 h5 20. Qe2 h4 21. Nf1 Bc7 22. Nc5 e4 23. Nd7 Nxd7 24. Rxd7 Rc8 25. Qb5 Qe6 26. Qd5 Qe8 27. Qd1 Ne5 28. Rd4 f5 29. Qb3+ Kh7 30. Qxb7 Nd3 31. Qd5 Be5 32. Rc4 Rd8 33. Qa5 Nxb2 34. Rc5 Nd3 35. Rb5 Bxc3 36. Qa6 Be5 37. Rb7 Rd6 38. Qxa7 f4 39. Bb6 Qg6 40. Qa8 f3 41. Ne3 Nc5 42. Rb8 Qxg2+ 43. Nxg2 Rd1+ 44. Ne1 Rxe1# 0-1

[Site "Europe Echecs"]

[Event "Championnat d'Europe Rapide"]
[Date "2024.12.07"]
[White "Samunenkov, Ihor"]
[Black "Aliyev, Elnur"]
[WhiteElo "2543"]
[BlackElo "2079"]
[Round "2.52"]
[Result "1-0"]
[TimeControl "900+10"]

1. d4 Nf6 2.
c4 e6 3. Nf3 Nc6 4. a3 d5 5. Nc3 a6 6. e3 g6 7. b3 Bg7 8. Bb2 O-O 9. Bd3 b6 10. O-O Bb7 11. Rc1 dxc4 12.
bxc4 Na5 13.
e4 Nh5 14.
g3 f5 15.
exf5 exf5 16. d5 c6 17. Be2 cxd5 18. cxd5 Rc8 19. Nd4 Bxd4 20. Qxd4 Nb3 21. Qb4 Nxc1 22. Rxc1 Nf6 23. Rd1 b5 24. a4 f4 25. axb5 fxg3 26. hxg3 axb5 27. Qd4 Qd6 28. Ne4 Qxd5 29. Nxf6+ Rxf6 30.
Qxd5+ Bxd5 31. Bxf6 Bc4 32. Bxc4+ bxc4 33. Bc3 Kf7 34. Rd7+ Ke6 35. Rxh7 Rb8 36. Rc7 Kd5 37. Re7 Rb3 38. Re3 g5 39. g4 Kc5 40. Kg2 Rb1 41. Re5+ Kc6 42. Rxg5 Rc1 43. Bd4 Kd6 44. Bc5+ Ke6 45. Be3 Rd1 46. Rc5 1-0

[Site "Europe Echecs"]

[Event "Championnat d'Europe Rapide"]
[Date "2024.12.07"]
[White "Alienkin, Aleksander"]
[Black "Nikolaev, Georgi"]
[WhiteElo "2337"]
[BlackElo "2032"]
[Round "2.53"]
[Result "1-0"]
[TimeControl "900+10"]

1. d4 d5 2.
c4 e6 3. Nf3 Nf6 4. g3 Be7 5. Bg2 O-O 6. Qc2 c5 7. cxd5 Qxd5 8. Nc3 Qh5 9. h3 Nc6 10. Be3 cxd4 11.
Nxd4 Bd7 12.
g4 Qe5 13.
Nf3 Qc7 14.
O-O Nb4 15.
Qb3 Bc6 16.
Rac1 Qa5 17.
a3 Nbd5 18.
Bd2 Qb6 19.
Qxb6 Nxb6 20. Ne5 Bxg2 21. Kxg2 Bd6 22. Nd3 a6 23. Bg5 Rac8 24. Bxf6 gxf6 25.
Rfd1 Be7 26.
Ne4 Rxc1 27.
Rxc1 Rc8 28.
Rxc8+ Nxc8 29. Kf3 b6 30. Ke3 Kg7 31. Kd4 Nd6 32. Nxd6 Bxd6 33. Ke4 Kg6 34. f4 h5 35. Kf3 e5 36. f5+ Kg5 37. Nf2 hxg4+ 38. hxg4 Be7 39. Kg3 Kh6 40. Ne4 Kg7 41. a4 Bb4 42. Kf3 Be7 43. Ke3 Kf8 44. Kd3 Ke8 45. Kc4 Kd7 46. Kd5 Kc7 47. Nd2 b5 48. axb5 axb5 49. Ne4 Kb6 50. Nd6 Ka5 51. Nxf7 Kb4 52. Ke6 Bc5 53. Kxf6 Bd4 54. e4 Bxb2 55. g5 1-0

[Site "Europe Echecs"]

[Event "Championnat d'Europe Rapide"]
[Date "2024.12.07"]
[White "Kucharska, Honorata"]
[Black "Papasimakopoulos, Alexandros"]
[WhiteElo "2071"]
[BlackElo "2379"]
[Round "2.54"]
[Result "0-1"]
[TimeControl "900+10"]

1. e4 e6 2. d3 d5 3. Nd2 c5 4. Ngf3 Nc6 5. g3 Nf6 6. Bg2 h6 7. O-O Be7 8. Re1 b6 9. Qe2 Bb7 10. e5 Nd7 11. Nf1 Qc7 12. h4 g5 13. hxg5 hxg5 14. N1h2 O-O-O 15.
Ng4 Rh5 16.
c3 d4 17.
cxd4 Rdh8 18. d5 Nd4 19. Nxd4 cxd4 20. Bd2 Kb8 21. Rac1 Qd8 22. f3 Bxd5 23. a3 Nc5 24. Bb4 Bb7 25. Bxc5 bxc5 26.
Kf2 Qd5 27.
Rc4 Qd8 28.
b4 cxb4 29.
axb4 Qb6 30.
Rec1 Rc8 31.
Rxc8+ Bxc8 32. Qc2 Bb7 33. b5 Rh8 34. Qb3 a5 35. Qb2 a4 36. Kf1 a3 37. Qb3 Qa5 38. b6 Qb4 39. Qxb4 Bxb4 40. Nf6 Rd8 41. Ke2 Bc3 42. Rc2 Bb2 43. Ne4 Bxe4 44. fxe4 Rc8 0-1

[Site "Europe Echecs"]

[Event "Championnat d'Europe Rapide"]
[Date "2024.12.07"]
[White "Schneider, Ilja"]
[Black "Navara, David"]
[WhiteElo "2414"]
[BlackElo "2665"]
[Round "3.1"]
[Result "0-1"]
[TimeControl "900+10"]

1. e4 c5 2.
Nc3 d6 3. d4 cxd4 4. Qxd4 Nc6 5. Qd2 Nf6 6. b3 e6 7. Bb2 d5 8. exd5 exd5 9.
O-O-O Be6 10. Nge2 Qa5 11. Kb1 Bb4 12. a3 Bxa3 13. Nxd5 Bxb2 14. Qxa5 Nxa5 15. Nc7+ Ke7 16. Kxb2 Rac8 17. Nxe6 fxe6 18. Ng3 Nc6 19. Bd3 Rhd8 20. Rhe1 Nb4 21. Nf5+ Kf7 22. Bc4 Rxc4 23. Rxd8 Rxc2+ 0-1

[Site "Europe Echecs"]

[Event "Championnat d'Europe Rapide"]
[Date "2024.12.07"]
[White "Santos Latasa, Jaime"]
[Black "Stankovic, Milos"]
[WhiteElo "2628"]
[BlackElo "2462"]
[Round "3.2"]
[Result "0-1"]
[TimeControl "900+10"]

1. Nf3 d5 2. e3 Nf6 3. c4 e6 4. Nc3 Nbd7 5. Qc2 a6 6. b3 Bd6 7. Bb2 O-O 8. g3 c6 9. Bg2 e5 10. d3 Re8 11. O-O Nf8 12. Nd2 Be6 13. Ne2 Rc8 14. h3 Qd7 15. Kh2 Bf5 16. e4 Bg6 17. Ng1 Ne6 18. Ngf3 Nc5 19. Nh4 dxe4 20. dxe4 Bc7 21. Nxg6 hxg6 22.
Rad1 Rcd8 23. b4 Qd3 24. Qc1 Na4 25. Ba1 b5 26. c5 Qd7 27. Nf3 Qe6 28. Qc2 Rxd1 29. Rxd1 Qc4 30. Qxc4 bxc4 31. Ne1 a5 32. a3 c3 33. Rd3 Rd8 34. Rxd8+ Bxd8 35. Kg1 Ne8 36. h4 Nc7 37. Bh3 Nb5 38. Bd7 Nd4 39. Nd3 f6 40. f4 exf4 41. gxf4 Kf8 42. Kf2 Ke7 43. Bc8 Nc2 44. Bxc3 Nxc3 45. Bb7 Kd7 46. e5 Nxa3 47. bxa5 Bxa5 48. exf6 gxf6 49. f5 gxf5 50. h5 Nc4 51. h6 Ne4+ 52. Kf3 Ne5+ 53. Kf4 Nxd3+ 54. Kxf5 Ng5 55. Kxf6 Ne4+ 56. Kf5 Ndxc5 57. h7 Bc3 58. Ba8 Nd6+ 59. Kg6 Ne6 60. Kh6 Nf8 0-1

[Site "Europe Echecs"]

[Event "Championnat d'Europe Rapide"]
[Date "2024.12.07"]
[White "Kilic, Eray"]
[Black "Sarana, Alexey"]
[WhiteElo "2459"]
[BlackElo "2674"]
[Round "3.3"]
[Result "1-0"]
[TimeControl "900+10"]

1. e4 c5 2. Nf3 d6 3. Bb5+ Bd7 4. Bxd7+ Qxd7 5. O-O Nc6 6. c3 d5 7. e5 e6 8. d4 Nge7 9. Re1 Nf5 10. g4 Nfe7 11. dxc5 h5 12. g5 Ng6 13. b4 a5 14. Qb3 Be7 15. Na3 O-O 16. Rb1 axb4 17.
cxb4 b6 18.
cxb6 Bxb4 19. Rd1 Rfb8 20. Nb5 Rxb6 21. a4 Bc5 22. Qc3 Be7 23. Be3 Rb7 24. Rdc1 Na5 25. Nc7 Rxb1 26. Rxb1 Rc8 27. Qxa5 Rxc7 28. Qb5 Qc8 29. a5 Kh7 30. a6 Bc5 31. Qb7 Bxe3 32. Qxc8 Bxf2+ 33. Kxf2 Rxc8 34. a7 Rc2+ 35. Ke3 Ra2 36. Rb7 Ra3+ 37. Kd4 Nf4 38. Rxf7 Nd3 39. a8=Q Rxa8 40. Kxd3 Kg6 41. Rf4 h4 42.
Rxh4 Kf5 43. Ke3 Ra3+ 44. Kf2 g6 45. Kg3 1-0

[Site "Europe Echecs"]

[Event "Championnat d'Europe Rapide"]
[Date "2024.12.07"]
[White "Van Foreest, Jorden"]
[Black "Samunenkov, Ihor"]
[WhiteElo "2677"]
[BlackElo "2543"]
[Round "3.4"]
[Result "1-0"]
[TimeControl "900+10"]

1. d4 d5 2. Nf3 Nf6 3. Bf4 e6 4. e3 Bd6 5. Bd3 O-O 6. O-O b6 7. Nbd2 Bxf4 8. exf4 c5 9. c3 Ba6 10. Bxa6 Nxa6 11. Re1 b5 12. Qe2 Qb6 13. a3 Rac8 14. Qd3 cxd4 15. cxd4 Nb8 16. b4 Nc6 17. Reb1 Ne8 18. Nb3 Nf6 19. Nc5 Rfd8 20. g3 Ne4 21. Rc1 g6 22. Kg2 Nd6 23. h4 a5 24. bxa5 Nxa5 25. h5 Nab7 26.
hxg6 hxg6 27. Nxe6 Rxc1 28. Rxc1 Rc8 29.
Rxc8+ Nxc8 30. Neg5 Nbd6 31. Qb1 Qd8 32. Qh1 Qf6 33. Qh7+ Kf8 34. Ne5 Nb6 35. Qh4 Ke7 36. Ng4 Nf5 37. Qh1 Qxd4 38. Ne5 Kd6 39. Nexf7+ Kc6 40. Ne5+ Kb7 41. Qh7+ 1-0

[Site "Europe Echecs"]